 Dungeon Crawl Stone Soup version 0.30-a0-170-g85af917532 (webtiles) character file.

Game seed: 2206468391937094068

263 funkygono the Digger (level 6, -3/32 HPs)
             Began as a Gargoyle Earth Elementalist on Sept 30, 2022.
             Slain by Edmund
             ... wielding a +4 dire flail of protection
              (8 damage)
             ... on level 5 of the Dungeon.
             The game lasted 00:04:58 (3756 turns).

funkygono the Digger (Gargoyle Earth Elementalist)  Turns: 3756, Time: 00:04:59

Health: -3/32      AC:  7    Str: 11    XL:     6   Next: 19%
Magic:  1/11       EV: 12    Int: 18    God:
Gold:   205        SH:  0    Dex: 10    Spells: 5/11 levels left

rFire   . . .      SeeInvis .    j - +1 morningstar
rCold   . . .      Faith    .    (no shield)
rNeg    + . .      Spirit   .    a - +0 robe
rPois   ∞          Reflect  .    (no helmet)
rElec   +          Harm     .    (no cloak)
rCorr   .          Rampage  .    e - +0 pair of gloves
Will    .....                    (no boots)
Stlth   ++........               (no amulet)
HPRegen 0.10/turn                m - +4 ring of slaying
MPRegen 0.12/turn                (no ring)

@: no status effects
A: sickness immunity, AC +4, negative energy resistance 1, electricity
resistance, torment resistance 1, petrification resistance
a: no special abilities


You were on level 5 of the Dungeon.
You visited 1 branch of the dungeon, and saw 5 of its levels.

You collected 205 gold pieces.

Inventory:

Hand Weapons
 j - a +1 morningstar (weapon)
 l - a +0 quarterstaff
 u - a +0 whip
Armour
 a - a +0 robe (worn)
 e - a +0 pair of gloves (worn)
Jewellery
 c - a ring of wizardry
 m - a +4 ring of slaying (left hand)
 o - a ring of protection from cold
 t - a ring of resist corrosion
Scrolls
 d - 3 scrolls of teleportation
 h - 4 scrolls of vulnerability
 k - a scroll of butterflies
 n - a scroll of magic mapping
 r - a scroll of fear
Potions
 b - 2 potions of magic
 f - a potion of curing
 g - a potion of invisibility
 i - 2 potions of resistance
 p - a potion of might {unknown}
 q - 3 potions of heal wounds


   Skills:
 + Level 0.1 Fighting
 + Level 0.5 Maces & Flails
 + Level 1.6 Dodging
 - Level 2.1 Stealth
 + Level 3.4 Spellcasting
 * Level 3.2 Conjurations
 + Level 0.7 Transmutations
 + Level 5.8 Earth Magic


You had 5 spell levels left.
You knew the following spells:

 Your Spells              Type           Power      Damage    Failure   Level
a - Sandblast             Erth           48%        2d12      1%          1
b - Passwall              Tmut/Erth      11%        N/A       6%          2
c - Stone Arrow           Conj/Erth      38%        3d9       8%          3

Your spell library contained the following spells:

 Spells                   Type           Power      Damage    Failure   Level
 Ensorcelled Hibernation  Hex/Ice        6%         N/A       24%         2
 Petrify                  Tmut/Erth      14%        N/A       38%         4
 Call Canine Familiar     Summ           3%         N/A       43%         3
 Portal Projectile        Hex/Tloc       6%         N/A       43%         3
 Swiftness                Air            3%         N/A       43%         3
 Leda's Liquefaction      Hex/Erth       6%         N/A       43%         4


Dungeon Overview and Level Annotations

Branches:
Dungeon (5/15)
 Temple: D:4-7

Altars:
Dithmenos
Okawaru

Annotations:
D:5 Edmund, Menkaure


Innate Abilities, Weirdness & Mutations

You are immune to sickness and miasma.
Your stone body is resilient. (AC +4)
You are immune to poison.
You resist negative energy. (rN+)
You are resistant to electric shocks. (rElec)
You are resistant to unholy torment.
You are immune to petrification.


Message History

Edmund is lightly wounded.
Casting: Sandblast (safe; 1% risk of failure)
Confirm with . or Enter, or press ? or * to list all spells.
Aiming: Sandblast (safe; 1% risk of failure)
Press: ? - help, Shift-Dir - straight line, f/p - Edmund
Aim: Edmund, wielding a +4 dire flail of protection and wearing a +3 leather armour (lightly wounded, 83% to hit)
The blast of sand hits Edmund.
Edmund is moderately wounded.
Edmund hits you with a +4 dire flail of protection!
Casting: Sandblast (safe; 1% risk of failure)
Confirm with . or Enter, or press ? or * to list all spells.
Aiming: Sandblast (safe; 1% risk of failure)
Press: ? - help, Shift-Dir - straight line, f/p - Edmund
Aim: Edmund, wielding a +4 dire flail of protection and wearing a +3 leather armour (moderately wounded, 83% to hit)
The blast of sand hits Edmund.
Edmund is moderately wounded.
Edmund completely misses you.
Edmund hits you with a +4 dire flail of protection!
* * * LOW HITPOINT WARNING * * *
Unknown command.
Casting: Sandblast (safe; 1% risk of failure)
Confirm with . or Enter, or press ? or * to list all spells.
The spell is quite dangerous to miscast (8% risk of failure)!
Continue anyway?
Aiming: Stone Arrow (quite dangerous; 8% risk of failure)
Press: ? - help, Shift-Dir - straight line, f/p - Edmund
Aim: Edmund, wielding a +4 dire flail of protection and wearing a +3 leather armour (moderately wounded, 68% to hit)
The stone arrow hits Edmund!
Edmund is severely wounded.
Edmund closely misses you.
Casting: Stone Arrow (quite dangerous; 8% risk of failure)
Confirm with . or Enter, or press ? or * to list all spells.
The spell is quite dangerous to miscast (8% risk of failure)!
Continue anyway?
Aiming: Stone Arrow (quite dangerous; 8% risk of failure)
Press: ? - help, Shift-Dir - straight line, f/p - Edmund
Aim: Edmund, wielding a +4 dire flail of protection and wearing a +3 leather armour (severely wounded, 68% to hit)
The stone arrow hits Edmund!!
Edmund is almost dead.
Edmund says, "Everyone always remembers my brother. 'Who's Edmund?' they ask!"
Edmund hits you with a +4 dire flail of protection!
You die...

..................
....)......##.....
...........##.....
.................#
.......<.........#
..##...........###
#...........#
#...........### .
#...........@.# ..M
.............@###.....
(......................
(.......................
.......#..............
.......+.....####.....
.......#.....# .....
.......?....... ....
................ ...


You could see Edmund.

Vanquished Creatures
  2 orc priests (D:4)
  2 iguanas (D:4)
  An orc wizard (D:4)
  6 adders
  A worm (D:2)
  4 dart slugs
  6 orcs (D:3)
  6 endoplasms
  4 hobgoblins
  2 quokkas
  4 ball pythons
  2 bats (D:1)
  2 frilled lizards
  12 goblins
  6 kobolds
  6 rats
66 creatures vanquished.

Notes
Turn   | Place    | Note
-------+----------+-------------------------------------------
     0 | D:1      | funkygono the Gargoyle Earth Elementalist began the quest
                  | for the Orb.
     0 | D:1      | Reached XP level 1. HP: 10/10 MP: 3/3
   493 | D:1      | Reached skill level 4 in Earth Magic
   493 | D:1      | Reached XP level 2. HP: 15/15 MP: 3/5
   496 | D:1      | Learned a level 2 spell: Passwall
  1112 | D:2      | Reached XP level 3. HP: 19/19 MP: 4/6
  1116 | D:2      | Learned a level 3 spell: Stone Arrow
  1221 | D:2      | Found an iron altar of Okawaru.
  1424 | D:2      | Reached skill level 1 in Conjurations
  1734 | D:2      | Reached XP level 4. HP: 24/24 MP: 4/7
  2028 | D:3      | Reached skill level 5 in Earth Magic
  2374 | D:3      | Found a faded altar of an unknown god.
  2488 | D:3      | Found a shadowy altar of Dithmenos.
  2708 | D:3      | Reached XP level 5. HP: 28/28 MP: 7/9
  3152 | D:4      | Reached XP level 6. HP: 32/32 MP: 6/11
  3730 | D:5      | Entered Level 5 of the Dungeon
  3747 | D:5      | Noticed Edmund
  3748 | D:5      | Noticed Menkaure
  3756 | D:5      | Slain by Edmund

Illustrated notes

Levels and vault maps discovered:
D:1:      dpeg_arrival_chambers_temple_mockup, layout_basic
D:2:      layout_basic, basic_altar, corexii_shack, minmay_circled_x
D:3:      minmay_angry_zag, layout_basic, nicolae_dithmenos_shadow_blocks,
          shapermc_ecumenical_altar_venn, reono_crystal_passage
D:4:      layout_gridville
D:5:      layout_basic, minmay_temple_entry_crystal_x,
          nicolae_ossuary_entry_plus, uniq_edmund, uniq_menkaure, uniq_duvessa,
          uniq_eustachio

Skill      XL: |  1  2  3  4  5 |
---------------+----------------+-----
Earth Magic    | 4 5 |  5.8
Conjurations   | 1 3 |  3.2
Spellcasting   | 3 |  3.4
Fighting       | |  0.1
Maces & Flails | |  0.5
Dodging        | |  1.6
Stealth        | |  2.1
Transmutations | |  0.7

Action                   |  1- 3 |  4- 6 || total
-------------------------+-------+-------++-------
Melee: Club              |     4 |       ||     4
       Morningstar       |       |    12 ||    12
       Whip              |       |     4 ||     4
 Cast: Sandblast         |    36 |    46 ||    82
       Stone Arrow       |       |     2 ||     2
  Use: Scroll            |       |    15 ||    15
Armor: Robe              |     2 |     7 ||     9
Dodge: Dodged            |     3 |    18 ||    21

Table legend: (Time is in decaauts)
 A = Elapsed time spent in this place.
 B = Non-inter-level travel time spent in this place.
 C = Inter-level travel time spent in this place.
 D = Time resting spent in this place.
 E = Time spent auto-exploring this place.
 F = Levels seen in this place.
 G = Mean time per level.
                   A        B        C        D        E       F      G
               +--------+--------+--------+--------+--------+-----+--------+
         Total |   3801 |   3645 |    156 |    307 |   2885 |   5 |  760.2 |
       Dungeon |   3801 |   3645 |    156 |    307 |   2885 |   5 |  760.2 |
               +--------+--------+--------+--------+--------+-----+--------+

Top non-repeatable levels by time:
     D:1: 1103 daAuts
     D:3: 1086 daAuts
     D:2: 885 daAuts
     D:4: 697 daAuts
     D:5: 27 daAuts
